 Dungeon Crawl Stone Soup version bcrawl-1.28.5 (webtiles) character file.

Game seed: 11425876718020721780

118581 Anonimiaus the Sneak (level 4, -1/33 HPs)
             Began as a Human Archaeologist on Jan 26, 2021.
             Slain by a hound (4 damage)
             ... on level 4 of the Dungeon.
             The game lasted 00:06:08 (2324 turns).

Anonimiaus the Sneak (Human Archaeologist)          Turns: 2324, Time: 00:06:09

Health: -1/33      AC:  6    Str: 15    XL:     4   Next: 98%
Magic:  4/4        EV: 13    Int: 15    God:
Gold:   160        SH:  0    Dex: 12    Spells: 3/3 levels left

rFire    + . .     SeeInvis .   u - +0 short sword
rCold    x . .     Gourm    .   (no shield)
rNeg     . . .     Faith    .   c - +1 robe
rPois    .         Spirit   .   d - +1 hat
rElec    .         Reflect  .   x - scarf {clouds}
rCorr    .         Harm     .   (no gloves)
MR       .....                  i - +1 pair of boots
Stlth    +++.......             (no amulet)
HPRegen  0.11/turn              s - ring of Puizat {Fire Str+4}
MPRegen  0.09/turn              (no ring)

@: very slightly contaminated, invisible
A: no striking features
a: Evoke Fog


You were on level 4 of the Dungeon.
You were hungry.

You visited 1 branch of the dungeon, and saw 4 of its levels.

You collected 160 gold pieces.

Inventory:

Hand Weapons
 a - a +0 whip
 b - a +0 blowgun
 m - a +0 dagger
 u - a +0 short sword (weapon)
Missiles
 f - 6 curare-tipped needles
Armour
 c - a +1 robe (worn)
 d - a +1 hat (worn)
 i - a +1 pair of boots (worn)
 x - a scarf of clouds (worn)
Jewellery
 s - the ring of Puizat (left hand) {Fire Str+4}
   (You found it on level 2 of the Dungeon)

   [ring of fire]

   It enhances your fire magic.
   It affects your strength (+4).
   It protects you from fire.
   It makes you vulnerable to cold.
Wands
 j - a wand of digging (6)
 q - a wand of random effects (4)
Scrolls
 g - a scroll of magic mapping
 l - 2 scrolls of immolation {unknown}
 o - 2 scrolls of remove curse {unknown}
 p - 2 scrolls of teleportation {unknown}
Potions
 k - 4 potions of curing
 n - 2 potions of mutation
 t - a potion of heal wounds {unknown}
 v - a potion of degeneration {unknown}
 w - a potion of magic {unknown}
 z - a potion of haste {unknown}
Miscellaneous
 h - a dusty tome
Comestibles
 e - 3 rations {!d}


   Skills:
 - Level 2.1 Fighting
 + Level 3.2 Short Blades
 - Level 1.1 Maces & Flails
 - Level 3.2 Dodging
 - Level 4.3 Stealth


You had 3 spell levels left.
You didn't know any spells.
Your spell library contained the following spells:

 Spells                   Type           Power        Failure   Level  Hunger
 Confuse                  Hex            #.......     63%         3    #####..
 Dazzling Orbs            Conj/Hex       #......      63%         3    #####..
 Petrify                  Tmut/Erth      #.........   95%         4    ######.
 Yara's Violent Unravell  Hex/Tmut       #.........   95%         4    ######.
 Metabolic Englaciation   Hex/Ice        #.........   100%        5    #######
 Mana Rupture             Conj/Hex       #.........   100%        7    #######


Dungeon Overview and Level Annotations

Branches:
Dungeon (4/12)
 Temple: D:4-7

Altars:

Annotations:
D:3 exclusions: black bear and howler monkey, Grinder, Jessica, Sigmund


Message History

The hound misses you.
There is a stone staircase leading down here.
The hound closely misses you.
The crimson imp hits you but does no damage.
The hound bites you.
* * * LOW HITPOINT WARNING * * *
You climb downwards.
There is a stone staircase leading up here.
It was a potion of invisibility.
You fade into invisibility!
The hound bites you but does no damage.
You are very lightly contaminated with residual magic.
The hound bites you.
* * * LOW HITPOINT WARNING * * *
The hound completely misses you.
The hound stops to sniff the ground.
The hound barely misses you. The hound barely misses you. The hound bites you.
You die...

##########
.........#
.........#
.........#
.........#
.........##
.......@h.###
########....#
###5.# #..#
#.<# #..#
#.... #.....
#......


You could see a hound and a crimson imp.

Vanquished Creatures
  3 adders
  An ooze (D:4)
  2 worms
  2 dart slugs (D:1)
  3 leopard geckos
  4 orcs
  2 giant cockroaches (D:1)
  3 goblins (D:1)
  8 hobgoblins
  7 kobolds
  7 bats
  A frilled lizard (D:1)
  3 rats
46 creatures vanquished.

Notes
Turn   | Place    | Note
-------+----------+-------------------------------------------
     0 | D:1      | Anonimiaus the Human Archaeologist began the quest for the
                  | Orb.
     0 | D:1      | Reached XP level 1. HP: 15/15 MP: 1/1
   151 | D:1      | Reached XP level 2. HP: 19/21 MP: 2/2
   191 | D:1      | Reached skill level 4 in Stealth
   442 | D:1      | Reached XP level 3. HP: 24/27 MP: 3/3
   744 | D:1      | Reached skill level 1 in Short Blades
  1035 | D:2      | Got a brightly glowing bronze ring
  1157 | D:2      | Reached XP level 4. HP: 33/33 MP: 4/4
  1249 | D:3      | Noticed Grinder
  1249 | D:3      | Noticed a black bear
  1596 | D:3      | Noticed Jessica
  1599 | D:3      | Noticed Sigmund
  2066 | D:3      | Identified the ring of Puizat {Fire Str+4} (You found it on
                  | level 2 of the Dungeon)
  2308 | D:4      | Noticed an ogre
  2324 | D:4      | Slain by a hound

Skill      XL: |  1  2  3  4 |
---------------+-------------+-----
Stealth        | 4 |  4.3
Fighting       | 2 |  2.1
Short Blades   | 1 3 |  3.2
Maces & Flails | |  1.1
Dodging        | |  3.2

Action                   |  1- 3 |  4- 6 || total
-------------------------+-------+-------++-------
Melee: Whip              |    86 |       ||    86
       Dagger            |    64 |       ||    64
       Short sword       |     5 |   145 ||   150
  Use: Potion            |       |     2 ||     2
       Scroll            |       |     1 ||     1
 Stab: Sleeping          |     9 |     4 ||    13
  Eat: Chunk             |     5 |     3 ||     8
       Ration            |       |     1 ||     1
Armor: Robe              |    50 |    40 ||    90
Dodge: Dodged            |    98 |    77 ||   175
